 Dungeon Crawl Stone Soup version 0.27.1-1-g398f81649c (webtiles) character file.

Game seed: 1955431573660133288

214 acemry the Stinger (level 5, -4/33 HPs)
             Began as an Octopode Transmuter on Sept 7, 2021.
             Splashed by a jelly's acid (12 damage)
             ... on level 3 of the Dungeon.
             The game lasted 00:07:26 (3658 turns).

acemry the Stinger (Octopode Transmuter)            Turns: 3658, Time: 00:07:27

Health: -4/33      AC: -2    Str:  9    XL:     5   Next: 91%
Magic:  6/8        EV: 19    Int: 17    God:
Gold:   122        SH:  0    Dex: 17    Spells: 4/8 levels left

rFire    . . .     SeeInvis +     - Unarmed
rCold    . . .     Faith    .   (shield currently unavailable)
rNeg     . . .     Spirit   .   (helmet currently unavailable)
rPois    x         Reflect  .   (no amulet)
rElec    .         Harm     .   f - ring of see invisible
rCorr    .         Rampage  .   g - ring of wizardry
Will     .....                  (no ring)
Stlth    ++........             (no ring)
HPRegen  0.11/turn              (no ring)
MPRegen  0.11/turn              (no ring)
                                (no ring)
                                (no ring)

@: spider-form (expiring), corroded
A: venomous fangs, almost no armour, (amphibious), 8 rings, tiny, (camouflage
1), (gelatinous body 1), (nimble swimmer 1), (tentacles)
a: End Transformation


You were on level 3 of the Dungeon.
You were a venomous arachnid creature.
You visited 1 branch of the dungeon, and saw 3 of its levels.

You collected 122 gold pieces.

Inventory:

Missiles
 l - 19 poisoned darts
Armour
 j - a +0 buckler
Jewellery
 f - a ring of see invisible (left front leg)
 g - a ring of wizardry (right front leg)
 m - a ring of ice
Scrolls
 c - a scroll of teleportation
 h - a scroll of holy word {unknown}
 i - a scroll of silence {unknown}
Potions
 a - 4 potions of curing
 b - 2 potions of lignification {unknown}
 d - a potion of resistance {unknown}
 e - a potion of ambrosia {unknown}
 k - a potion of flight {unknown}
 n - a potion of might {unknown}
 o - a potion of haste {unknown}


   Skills:
 - Level 1.0 Fighting
 - Level 2.0 Dodging
 - Level 3.0 Unarmed Combat
 + Level 2.2 Spellcasting
 + Level 3.5 Transmutations
 + Level 5.2 Poison Magic


You had 4 spell levels left.
You knew the following spells:

 Your Spells              Type           Power      Damage    Failure   Level
a - Beastly Appendage     Tmut           26%        N/A       5%          1
b - Spider Form           Tmut/Pois      8%         N/A       10%         3

Your spell library contained the following spells:

 Spells                   Type           Power      Damage    Failure   Level
 Wereblood                Tmut           13%        N/A       8%          2
 Static Discharge         Conj/Air       1%         N/A       22%         2
 Ice Form                 Ice/Tmut       7%         N/A       50%         4
 Lightning Bolt           Conj/Air       0%         1d11      95%         5
 Maxwell's Capacitive Co  Air            0%         ∞         100%        8


Dungeon Overview and Level Annotations

Branches:
Dungeon (3/15)

Altars:


Innate Abilities, Weirdness & Mutations

You are a venomous arachnid creature.
You have poisonous fangs.
You are tiny and dextrous.
Your spellcasting is less reliable in this form.
Your armour is entirely melded.
You are incapable of wielding weapons or throwing items.
You cannot wear most types of armour.
((You are amphibious.))
You can wear up to eight rings at the same time.
((Your skin changes colour to match your surroundings (Stealth+).))
((Your rubbery body absorbs attacks. (AC +1, EV +1)))
((You are camouflaged near water. (Stealth+)))
((You have tentacles for arms and can constrict up to eight enemies at once.))


Message History

The endoplasm quivers.
There is an open door here.
You turn into a venomous arachnid creature.
The jelly quivers.
The endoplasm quivers.
The endoplasm hits the fungus.
The fungus begins to die.
You completely miss the endoplasm.
The endoplasm hits the fungus.
The endoplasm barely misses you.
You hit the endoplasm but do no damage. The endoplasm completely misses you.
The endoplasm hits the fungus.
You hit the endoplasm.
The endoplasm is almost dead.
The endoplasm closely misses you.
You hit the endoplasm.
You kill the endoplasm!
A nearby fungus withers and dies.
You bite the jelly!
Your front legs burn!
The jelly is moderately wounded.
The jelly barely misses you.
You hit the jelly. The acid corrodes you!
Your front legs burn!
The jelly is heavily wounded.
The jelly closely misses you.
You hit the jelly but do no damage.
Your front legs burn!
The jelly is heavily wounded.
The endoplasm quivers.
The jelly hits you.
You are splashed with acid!
* * * LOW HITPOINT WARNING * * *
The endoplasm freezes you.
You are frozen.
* * * LOW HITPOINT WARNING * * *
Your transformation is almost over.
You feel better.
You bite the jelly!
Your front legs burn!
The jelly is severely wounded.
The jelly misses you.
You hit the jelly.
The jelly is poisoned.
Your front legs burn!
The jelly is almost dead.
The jelly hits you.
* * * LOW HITPOINT WARNING * * *
You are splashed with acid!
You die...

### #....)).###############..# #.
..###.####### #########.## #.
......# ##########....÷.##..>###.
....#.###......##'JJ.P÷.###.##...
....#.##.......#J#.J....###.##.#.
..#...'........#J#.P.P.P##...#...
.###..'........#J#÷.....##...'###
......'......#'#J#.÷.P..##...##
.####.##.....#.#s#÷.÷...##<..# .#
#####....#.#)#PP.PP.##...# # ##
#.#########.##.÷...[##...####
#..##### ### #.......
#......######## ######.......
#.....##......# #............
#.....##...##.# #####......##
###...........# #....#.##
######.#....# #....#.#.


You could see a jelly (very poisoned) and 3 endoplasms.

Vanquished Creatures
  A bullfrog zombie (D:3)
  2 jellies (D:3)
  5 adders
  2 dart slugs
  An orc (D:3)
  8 ball pythons
  11 endoplasms
  A giant cockroach (D:2)
  6 hobgoblins
  4 quokkas
  6 bats
  3 frilled lizards
  4 goblins
  12 kobolds
  4 rats
70 creatures vanquished.

Vanquished Creatures (others)
  3 fungi (D:3)
  5 toadstools (D:3)
8 creatures vanquished.

Grand Total: 78 creatures vanquished

Notes
Turn   | Place    | Note
-------+----------+-------------------------------------------
     0 | D:1      | acemry the Octopode Transmuter began the quest for the Orb.
     0 | D:1      | Reached XP level 1. HP: 13/13 MP: 3/3
   193 | D:1      | Reached skill level 1 in Poison Magic
   296 | D:1      | Reached XP level 2. HP: 18/18 MP: 3/5
  1268 | D:2      | Reached skill level 2 in Poison Magic
  1343 | D:2      | Reached XP level 3. HP: 16/23 MP: 6/6
  1347 | D:2      | Learned a level 3 spell: Spider Form
  2051 | D:3      | Reached skill level 3 in Poison Magic
  2051 | D:3      | Reached XP level 4. HP: 21/28 MP: 3/7
  2581 | D:3      | Reached skill level 4 in Poison Magic
  2663 | D:3      | Reached XP level 5. HP: 25/33 MP: 4/8
  2834 | D:3      | Reached skill level 5 in Poison Magic
  2916 | D:3      | Found a faded altar of an unknown god.
  3658 | D:3      | Splashed by a jelly's acid

Illustrated notes

Levels and vault maps discovered:
D:1:      lightli_arrival_isolated_outpost, layout_rooms,
          minmay_misc_feat_columns
D:2:      layout_basic
D:3:      cheibrodos_fertilizer, layout_loops_cross,
          shapermc_ecumenical_altar_flowoftime, minmay_misc_feat_plants,
          grunt_ministairs_15, minivault_14, roderic_st_hans_cross

Skill      XL: |  1  2  3  4  5 |
---------------+----------------+-----
Poison Magic   | 1 2 3 4 5 |  5.2
Transmutations | 3 |  3.5
Fighting       | |  1.0
Dodging        | |  2.0
Unarmed Combat | |  3.0
Spellcasting   | |  2.2

Action                   |  1- 3 |  4- 6 || total
-------------------------+-------+-------++-------
Melee: Unarmed           |    67 |   109 ||   176
       Constrict         |    13 |       ||    13
       Tentacles         |     9 |       ||     9
       Kick              |    11 |       ||    11
 Cast: Beastly Appendage |    20 |       ||    20
       Spider Form       |     7 |    19 ||    26
  Use: Scroll            |     3 |       ||     3
       Potion            |       |     1 ||     1
 Stab: Sleeping          |     3 |     2 ||     5
Armor: Skin              |     3 |    12 ||    15
Dodge: Dodged            |    54 |    79 ||   133
